 Dungeon Crawl Stone Soup version 0.13-a0-1660-ga2b9f94 (webtiles) character file.

128 4tharraofdagon the Ruffian (level 4, 1/37 HPs)
             Began as a Gargoyle Monk on June 18, 2013.
             Was a Believer of Makhleb.
             Quit the game on Level 3 of the Dungeon.
             The game lasted 00:02:45 (842 turns).

4tharraofdagon the Ruffian (Gargoyle Monk)           Turns: 842, Time: 00:02:45

HP   1/37        AC  2     Str 14      XL: 4   Next: 33%
MP  12/12        EV 13     Int 12      God: Makhleb [**....]
Gold 51          SH  0     Dex 12      Spells:  0 memorised,  3 levels left

Res.Fire  : . . .   See Invis. : .     - Unarmed
Res.Cold  : + . .   Warding    : .   a - +0 robe
Life Prot.: + . .   Conserve   : .   (no shield)
Res.Poison: .       Res.Corr.  : .   (no helmet)
Res.Elec. : .       Clarity    : .   (no cloak)
Sust.Abil.: . .     Spirit.Shd : .   (no gloves)
Res.Mut.  : .       Stasis     : .   (no boots)
Res.Rott. : .       Flight     : .   (no amulet)
Saprovore : . . .                    (no ring)
                                     e - ring of magical power

@: mildly poisoned, slightly resistant to hostile enchantments, fairly stealthy
A: fangs 1, talons 2, cold resistance 1, life protection 1, slow metabolism 1,
petrification resistance, trample resistance
a: Minor Destruction, Renounce Religion


You were on level 3 of the Dungeon.
You worshipped Makhleb.
Makhleb was most pleased with you.
You were not hungry.

You visited 2 branches of the dungeon, and saw 5 of its levels.

You collected 51 gold pieces.

Inventory:

Armour
 a - a +0 robe (worn)
Comestibles
 b - a bread ration
 g - a meat ration
Scrolls
 c - a scroll of remove curse {unknown}
 f - 2 scrolls of identify {unknown}
 h - a scroll of teleportation {unknown}
Jewellery
 e - a ring of magical power (left hand)
Potions
 d - a potion of flight


   Skills:
 + Level 3.7 Fighting
 + Level 3.3 Dodging
 - Level 2.1 Stealth
 * Level 5.4 Unarmed Combat


You had 3 spell levels left.
You didn't know any spells.

Dungeon Overview and Level Annotations

Branches:
Dungeon (4/27)             Temple (1/1) D:4

Altars:
Cheibriados
Kikubaaqudgha
Makhleb
Nemelex Xobeh
Okawaru
Sif Muna
Vehumet
Xom
Yredelemnul
Zin
the Shining One


Innate Abilities, Weirdness & Mutations

You have very sharp teeth.
You have razor-sharp toenails.
Your flesh is cold resistant.
You resist negative energy.
You have a slow metabolism.
You are immune to petrification.
You are resistant to trampling.


Message History

You feel sick. A mysterious force pulls you upwards.
The hatch slams shut behind you.
The orc shouts!
An orc comes into view.
The orc barely misses you.
Unknown command.
Found a stone staircase leading up.
You open the door.
* * * LOW HITPOINT WARNING * * *
You feel sick. The orc closely misses you.
An orc comes into view.
* * * LOW HITPOINT WARNING * * *
You feel sick.
You feel a little better.
There is an open door here.
Use which ability? (? or * to list)
Okay, then.
Use which ability? (? or * to list)
Okay, then.
Are you sure you want to abandon this character and quit the game? (Confirm with "yes".)

## # #. #####
####o#### ......
#.......# .......
.........# .......
#......o### .......
#.......o.##........
#.......#oo@........
#.......####........
######.## ####### ..
... .... .<.


You could see 4 orcs.

Vanquished Creatures
  4 adders
  A gnoll (D:3)
  A worm (D:3)
  An ooze (D:3)
  An orc (D:3)
  3 giant cockroaches
  2 goblins
  3 hobgoblins (D:3)
  A jackal (D:3)
  2 kobolds
  2 bats
  A giant gecko (D:2)
  2 giant newts
24 creatures vanquished.

Notes
Turn   | Place    | Note
--------------------------------------------------------------
     0 | D:1      | 4tharraofdagon, the Gargoyle Monk, began the quest for the Orb.
     0 | D:1      | Reached XP level 1. HP: 17/17 MP: 0/0
   142 | D:2      | Reached XP level 2. HP: 22/24 MP: 1/1
   239 | D:3      | Reached XP level 3. HP: 27/30 MP: 2/2
   269 | D:3      | Reached skill level 5 in Unarmed Combat
   387 | D:3      | HP: 1/30 [gnoll/halberd (16)]
   721 | D:3      | Reached XP level 4. HP: 33/37 MP: 3/3
   746 | D:4      | Found a staircase to the Ecumenical Temple.
   755 | Temple   | Entered the Ecumenical Temple
   776 | Temple   | Became a worshipper of Makhleb the Destroyer
   776 | Temple   | Acquired Makhleb's first power
   776 | Temple   | Acquired Makhleb's second power
   841 | D:3      | HP: 1/37 [poisoned by a kobold]
   842 | D:3      | Quit the game

Action                   |  1- 3 |  4- 6 || total
-------------------------+-------+-------++-------
Melee: Unarmed           |    76 |    18 ||    94
  Use: Potion            |     3 |       ||     3
 Stab: Sleeping          |     3 |       ||     3
